 Dungeon Crawl Stone Soup version 0.18-a0-1088-g34ef3a2 (webtiles) character file.

337 4thArraOfDagon the Chopper (level 6, -10/56 HPs)
             Began as a Hill Orc Berserker on Jan 15, 2016.
             Was a Follower of Trog.
             Mangled by an ogre
             ... wielding a +0 giant club
              (26 damage)
             ... on level 5 of the Dungeon.
             The game lasted 00:03:13 (489 turns).

4thArraOfDagon the Chopper (Hill Orc Berserker)      Turns: 489, Time: 00:03:13

Health: -10/56     AC:  7    Str: 20    XL:     6   Next: 54%
Magic:  6/6        EV: 11    Int:  9    God:    Trog [*.....]
Gold:   24         SH:  0    Dex: 10    Spells: 0 memorised, 5 levels left

rFire  . . .     SeeInvis .     a - +0 hand axe
rCold  . . .     Gourm    .     e - +0 ring mail
rNeg   . . .     Faith    .     (no shield)
rPois  .         Spirit   .     (no helmet)
rElec  .         Dismiss  .     (no cloak)
rCorr  .         Reflect  .     (no gloves)
SustAt .         Harm     .     h - +0 pair of boots
MR     .....                    (no amulet)
Stlth  ..........               (no ring)
                                (no ring)

@: exhausted, slowed, very slow, not resistant to hostile enchantments,
extremely unstealthy
A: no striking features
a: Berserk, Burn Spellbooks, Renounce Religion


You were on level 5 of the Dungeon.
You worshipped Trog.
Trog was aware of your devotion.
You were not hungry.

You visited 1 branch of the dungeon, and saw 6 of its levels.

You collected 90 gold pieces.
You spent 66 gold pieces at shops.

Inventory:

Hand Weapons
 a - a +0 hand axe (weapon)
Armour
 e - a +0 ring mail (worn)
 h - a +0 pair of boots (worn)
Scrolls
 b - a scroll of remove curse {unknown}
 d - a scroll of enchant armour {unknown}
 f - a scroll of blinking {unknown}
 g - a scroll of teleportation
 j - a scroll of immolation {unknown}
 l - a scroll of recharging {unknown}
 m - a scroll of random uselessness {unknown}
 n - a scroll of noise
Potions
 i - a potion of lignification
 k - a potion of cancellation
 o - a potion of curing {unknown}
Comestibles
 c - a bread ration


   Skills:
 + Level 5.2 Fighting
 * Level 7.0 Axes
 + Level 4.3 Armour
 - Level 1.5 Dodging


You had 5 spell levels left.
You didn't know any spells.

Dungeon Overview and Level Annotations

Branches:
Dungeon (6/15)
 Temple: D:4-7

Altars:

Shops:
D:5 ?:

Annotations:
D:2 Ijyb


Message History

You continue eating.
You feel sick.
There is a stone staircase leading up here.
You climb upwards.
You feel sick.
Found 25 poisoned needles.
There is a stone staircase leading down here.
Unknown command.
Found Goutoad's Book Emporium.
You feel sick.
You feel sick.
There is an entrance to Goutoad's Book Emporium here.
An ogre comes into view. It is wielding a giant club.
The ogre shouts!
Unknown command.
You feel sick.
You are no longer poisoned.
The ogre hits you with a giant club!
* * * LOW HITPOINT WARNING * * *
The ogre hits you with a giant club!!
You die...

###### .....#
##.....#
#####......#
#####
...........#
#...#
#.#........#
#(..#
#.#.∩......#
#######...#
#.#...###.##
#.@O......#
......#
.##.......#...#
#.....##
.....#.....#>..#
#.##<..#..#..
#######...##
#.##.....###
#....##
#.###.....#
######.#..#
#.##..#...#
#.8..∩..8.#
..#..###....#
#..####.####
.....# #...# #.#


You could see an ogre.

Vanquished Creatures
  An ogre (D:3)
  A centaur (D:3)
  An iguana (D:5)
  4 worker ants
  4 adders
  A worm (D:3)
  An orc (D:3)
  2 giant cockroaches (D:4)
  A goblin (D:3)
  A hobgoblin (D:3)
  2 kobolds (D:3)
  A bat (D:3)
20 creatures vanquished.

Notes
Turn   | Place    | Note
--------------------------------------------------------------
     0 | D:1      | 4thArraOfDagon the Hill Orc Berserker began the quest for the Orb.
     0 | D:1      | Reached XP level 1. HP: 19/19 MP: 1/1
    67 | D:3      | Reached XP level 2. HP: 27/27 MP: 2/2
    90 | D:2      | Noticed Ijyb
   111 | D:3      | Noticed a centaur
   115 | D:3      | Reached XP level 3. HP: 33/33 MP: 3/3
   118 | D:3      | Killed a centaur
   118 | D:3      | Reached skill level 5 in Axes
   118 | D:3      | Reached XP level 4. HP: 33/41 MP: 4/4
   173 | D:3      | Noticed an ogre
   178 | D:3      | Killed an ogre
   178 | D:3      | Reached skill level 6 in Axes
   178 | D:3      | Reached XP level 5. HP: 44/47 MP: 5/5
   285 | D:5      | Entered Level 5 of the Dungeon
   285 | D:5      | Found Diaprij's Magic Scroll Emporium.
   291 | D:5      | Bought a scroll of identify for 22 gold pieces
   291 | D:5      | Bought a scroll of noise for 11 gold pieces
   334 | D:5      | Reached skill level 5 in Fighting
   334 | D:5      | Reached XP level 6. HP: 56/56 MP: 6/6
   433 | D:5      | Bought a scroll of teleportation for 33 gold pieces
   459 | D:6      | Reached skill level 7 in Axes
   473 | D:5      | Found Goutoad's Book Emporium.
   474 | D:5      | BLOAX: The singer of Nile certainly looks better without that silly hairdo.
   489 | D:5      | Mangled by an ogre

Vault maps used:
D:1:      dpeg_arrival_simpleton_a
D:2:      uniq_iyjb
D:3:      marbit_many_paths, uniq_crazy_yiuf_cottage
D:4:      gammafunk_temple_overflow_pools, first_bread,
          gup_ossuary_entry_pyramid, hangedman_decor_clover_reticule
D:5:      lemuel_doored_altar, serial_shops, shop, shop_scrolls, shop_statue,
          nrook_mini_vaults, nicolae_elemental_shop
D:6:      minmay_temple_entry_glass

Action                   |  1- 3 |  4- 6 || total
-------------------------+-------+-------++-------
Melee: Hand axe          |    18 |    41 ||    59
Invok: Berserk           |     2 |     4 ||     6
  Use: Scroll            |       |     2 ||     2
  Eat: Chunk             |       |     5 ||     5
